 Dungeon Crawl Stone Soup version 0.28.0 (webtiles) character file.

Game seed: 18054538072667568967

132 Akaron the Chiller (level 5, -3/32 HPs)
             Began as an Octopode Ice Elementalist on Feb 16, 2022.
             Killed from afar by a bog mummy (11 damage)
             ... with a puff of frost
             ... in an ossuary.
             The game lasted 00:06:29 (3147 turns).

Akaron the Chiller (Octopode Ice Elementalist)      Turns: 3147, Time: 00:06:30

Health: -3/32      AC:  1    Str:  8    XL:     5   Next: 15%
Magic:  0/8        EV: 17    Int: 17    God:
Gold:   114        SH:  0    Dex: 14    Spells: 1/8 levels left

rFire   . . .      SeeInvis .   b - +0 dagger
rCold   . . .      Faith    .   (no shield)
rNeg    . . .      Spirit   +   (helmet restricted)
rPois   +          Reflect  .   l - amulet of guardian spirit
rElec   .          Harm     .   a - ring of poison resistance
rCorr   .          Rampage  .   j - +4 ring of evasion
Will    .....                   (no ring)
Stlth   +++++.....              (no ring)
HPRegen 0.10/turn               (no ring)
MPRegen 0.11/turn               (no ring)
                                (no ring)
                                (no ring)

@: mighty
A: almost no armour, amphibious, 8 rings, camouflage 1, gelatinous body 1,
nimble swimmer 1, tentacles
a: no special abilities


You were in an ossuary.
You visited 1 branch of the dungeon, and saw 4 of its levels.
You also visited: Ossuary.

You collected 114 gold pieces.

Inventory:

Hand Weapons
 b - a +0 dagger (weapon)
 n - a +0 broad axe
Missiles
 c - 9 poisoned darts
Jewellery
 a - a ring of poison resistance (left tentacle)
 j - a +4 ring of evasion (right tentacle)
 l - an amulet of guardian spirit (around mantle)
Scrolls
 e - a scroll of identify {unknown}
 g - a scroll of magic mapping {unknown}
 i - a scroll of silence {unknown}
 k - a scroll of teleportation
Potions
 f - a potion of mutation {unknown}
 h - a potion of magic {unknown}
 m - a potion of flight {unknown}
 o - a potion of cancellation {unknown}
 p - a potion of degeneration {unknown}


   Skills:
 + Level 0.8 Fighting
 + Level 1.3 Short Blades
 + Level 2.5 Dodging
 + Level 4.5 Stealth
 + Level 2.1 Spellcasting
 + Level 4.8 Ice Magic


You had one spell level left.
You knew the following spells:

 Your Spells              Type           Power      Damage    Failure   Level
a - Freeze                Ice            72%        1d9       2%          1
b - Frozen Ramparts       Ice            36%        1d5       8%          3
c - Ozocubu's Armour      Ice            18%        N/A       8%          3

Your spell library contained the following spells:

 Spells                   Type           Power      Damage    Failure   Level
 Beastly Appendage        Tmut           2%         N/A       19%         1
 Wereblood                Tmut           1%         N/A       28%         2
 Spider Form              Tmut/Pois      1%         N/A       50%         3
 Hailstorm                Conj/Ice       10%        3d5       56%         4
 Animate Dead             Necr           0%         N/A       88%         4
 Haunt                    Necr/Summ      0%         N/A       100%        7
 Infestation              Necr           0%         N/A       100%        8


Dungeon Overview and Level Annotations

Branches:
Dungeon (4/15)            Ossuary (1/1)
 Temple: D:4-7

Altars:
Uskayaw
Vehumet


Innate Abilities, Weirdness & Mutations

You cannot wear most types of armour.
You are amphibious.
You can wear up to eight rings at the same time.
Your skin changes colour to match your surroundings (Stealth+).
Your rubbery body absorbs attacks. (AC +1, EV +1)
You are camouflaged when in or above water. (Stealth+)
You have tentacles for arms and can constrict up to eight enemies at once.


Message History

The bog mummy is lightly damaged.
You constrict the bog mummy. You hit the bog mummy but do no damage.
You squeeze the bog mummy, but do no damage.
The bog mummy is moderately damaged.
You constrict the bog mummy, but do no damage.
The bog mummy completely misses you.
You hit the bog mummy but do no damage. You tentacle-slap the bog mummy.
The bog mummy is moderately damaged.
You constrict the bog mummy.
The bog mummy points at you and mumbles some strange words.
The puff of frost hits you!
You hit the bog mummy but do no damage.
The bog mummy is moderately damaged.
You constrict the bog mummy. The bog mummy hits you!!
* * * LOW HITPOINT WARNING * * *
You release your grip on the bog mummy.
There is an open door here.
Casting: Frozen Ramparts (quite dangerous; 8% risk of failure)
Confirm with . or Enter, or press ? or * to list all spells.
You don't have enough magic to cast this spell.
Unknown command.
You close the door.
A bog mummy opens the door.
You close the door.
A bog mummy opens the door.
You close the door.
A bog mummy breaks down the door.
It's broken and can't be closed.
As you read the scroll labelled REHANIB VAOHAE, it crumbles to dust.
You feel strangely unstable.
It was a scroll of teleportation.
It was a potion of might.
You feel very mighty all of a sudden.
You hit the mummy. You grab the mummy. You squeeze the mummy.
The mummy is heavily damaged.
Your surroundings seem slightly different.
You lose your grip on the mummy.
Floosh!
The bog mummy gestures at you while chanting.
The puff of frost hits you!
You die...

# #..∩# #≈ #.∩.#
###M. #...#
#≈≈≈≈≈##'##+##+
#P.≈≈MM≈......
≈≈≈≈#.≈M≈.#+#'#+
# #≈.#P≈.≈P#
##≈#≈#≈≈≈≈#
#@#≈#≈≈≈###
##≈≈≈≈#≈≈
########


You could see a mummy and 2 bog mummies.

Vanquished Creatures
  A howler monkey (D:3)
  3 adders
  A worm (D:3)
  4 bats
  5 endoplasms
  12 goblins
  6 hobgoblins
  8 jackals (D:3)
  5 kobolds
  A quokka (D:2)
  3 ball pythons
  6 frilled lizards
  5 rats
60 creatures vanquished.

Notes
Turn   | Place    | Note
-------+----------+-------------------------------------------
     0 | D:1      | Akaron the Octopode Ice Elementalist began the quest for
                  | the Orb.
     0 | D:1      | Reached XP level 1. HP: 11/11 MP: 3/3
   224 | D:1      | Reached XP level 2. HP: 4/17 MP: 5/5
  1422 | D:2      | Found a faded altar of an unknown god.
  1491 | D:2      | Reached XP level 3. HP: 21/21 MP: 6/6
  1495 | D:2      | Learned a level 3 spell: Frozen Ramparts
  1896 | D:2      | Reached XP level 4. HP: 26/27 MP: 7/7
  1900 | D:2      | Learned a level 3 spell: Ozocubu's Armour
  2332 | D:3      | Found a hide-covered altar of Uskayaw.
  2401 | D:3      | Reached skill level 1 in Short Blades
  2401 | D:3      | Reached XP level 5. HP: 21/32 MP: 6/8
  2962 | D:3      | Found a radiant altar of Vehumet.
  3115 | D:4      | Found a sand-covered staircase.
  3128 | Ossuary  | Entered an ossuary
  3147 | Ossuary  | Killed from afar by a bog mummy

Illustrated notes

Levels and vault maps discovered:
D:1:      amcnicky_arrival_double_pillar, layout_basic, kennysheep_flooded_box,
          minmay_misc_feat_alley
D:2:      layout_rooms, chequers_ecumenical_altar_simple, minmay_small_reverse_x
D:3:      layout_basic, minitemple
D:4:      layout_basic, enter_ossuary_4, uniq_eustachio
Ossuary:  ossuary_zaba_flooded

Skill      XL: |  1  2  3  4 |
---------------+-------------+-----
Stealth        | 3 4 |  4.5
Short Blades   | 1 |  1.3
Fighting       | |  0.8
Dodging        | |  2.5
Spellcasting   | |  2.1
Ice Magic      | |  4.8

Action                   |  1- 3 |  4- 6 || total
-------------------------+-------+-------++-------
Melee: Dagger            |    68 |    76 ||   144
       Constrict         |    17 |    19 ||    36
       Tentacles         |     9 |    19 ||    28
       Punch             |       |     2 ||     2
 Cast: Freeze            |     3 |       ||     3
       Frozen Ramparts   |     1 |       ||     1
  Use: Scroll            |       |     1 ||     1
       Potion            |       |     1 ||     1
 Stab: Sleeping          |    10 |     7 ||    17
       Distracted        |       |     1 ||     1
Armor: Skin              |     6 |    10 ||    16
Dodge: Dodged            |    34 |    71 ||   105
